 Dungeon Crawl Stone Soup version bcrawl-1.28.1b (webtiles) character file.

Game seed: 15818384628998809574

96522 Morbidden the Conjurer (level 4, -2/35 HPs)
             Began as a Draconian Conjurer on Dec 31, 2020.
             Killed from afar by an orc wizard (10 damage)
             ... with a magic dart
             ... on level 2 of the Dungeon.
             The game lasted 00:03:44 (2744 turns).

Morbidden the Conjurer (Draconian Conjurer)         Turns: 2744, Time: 00:03:45

Health: -2/35      AC:  7    Str: 11    XL:     4   Next: 19%
Magic:  5/7        EV: 13    Int: 16    God:
Gold:   181        SH:  0    Dex: 15    Spells: 1/7 levels left

rFire    . . .     SeeInvis .     - Fists (4.4)
rCold    . . .     Gourm    .   (no shield)
rNeg     . . .     Faith    .   (armour unavailable)
rPois    .         Spirit   .   (helmet restricted)
rElec    .         Reflect  .   h - +1 cloak
rCorr    .         Harm     .   (no gloves)
MR       .....                  (no boots)
Stlth    ++........             (no amulet)
HPRegen  0.11/turn              i - ring of flight
MPRegen  0.10/turn              n - +4 ring of dexterity

@: very slightly contaminated
A: unfitting armour, cold-blooded, AC +5
a: Evoke Flight


You were on level 2 of the Dungeon.
You were hungry.

You visited 1 branch of the dungeon, and saw 3 of its levels.

You collected 181 gold pieces.

Inventory:

Missiles
 l - a throwing net {=f}
Armour
 h - a +1 cloak (worn)
Jewellery
 i - a ring of flight (left hand)
 n - a +4 ring of dexterity (right hand)
Scrolls
 a - a scroll of blinking {unknown}
 c - a scroll of teleportation {unknown}
 j - a scroll of fog {unknown}
 k - a scroll of enchant armour {unknown}
 o - a scroll of immolation {unknown}
Potions
 b - 2 potions of magic
 d - a potion of degeneration {unknown}
 f - a potion of curing
 g - 2 potions of lignification {unknown}
 m - a potion of invisibility {unknown}
 q - a potion of heal wounds {unknown}
 r - a potion of haste {unknown}
Comestibles
 e - 6 rations {!d}


   Skills:
 * Level 1.0 Fighting
 + Level 2.1 Dodging
 + Level 2.0 Stealth
 + Level 1.2 Unarmed Combat
 * Level 2.3 Spellcasting
 * Level 4.9 Conjurations


You had one spell level left.
You knew the following spells:

 Your Spells              Type           Power        Failure   Level  Hunger
a - Magic Dart            Conj           ###.         2%          1    None
b - Searing Ray           Conj           ###.....     3%          2    ##.....
c - Iskenderun's Mystic   Conj           ###.....     8%          3    ####...

Your spell library contained the following spells:

 Spells                   Type           Power        Failure   Level  Hunger
 Fulminant Prism          Conj/Hex       #.........   56%         4    ######.
 Irradiate                Conj/Tmut      #.........   89%         5    #######


Dungeon Overview and Level Annotations

Branches:
Dungeon (3/12)

Altars:


Innate Abilities, Weirdness & Mutations

Your plain brown scales are hard. (AC +5)
You cannot fit into any form of body armour.
You are cold-blooded and may be slowed by cold attacks.


Message History

You closely miss something. You tail-slap something.
Something hits you but does no damage.
You closely miss something. You tail-slap something.
Something hits you but does no damage.
You barely miss something.
You hear some strange, mumbled words.
A puff of flame appears from out of thin air!
The puff of flame hits you!
* * * LOW HITPOINT WARNING * * *
You miss something.
You hear some strange, mumbled words.
A puff of flame appears from out of thin air!
The puff of flame hits you!
* * * LOW HITPOINT WARNING * * *
No path to travel!
It was a potion of curing.
You feel better.
You hear some strange, mumbled words.
A magic dart appears from out of thin air!
The magic dart hits you!
You die...

.[.........#.....#....# #..#####.
..........##.......#..# #.####...
...####.######.#.#...####.###..#.
...# #..### #.#...#..........##.
...# #....# #.#.#....#...######.
#### ##.##.# #.#....###.#######..
#..##.# #.###..#............
##.###.###........#.#.....### #
#..###.....{@...###.#.#####
#####.#.........######....# #
............###.# #...### #####
#..#..####(## #.#####...# #....
##...## #.# #.##.)...## #<#..
#)...#####.####....##### #.#..
......##.........#.# #.#.(
.........##.###.##.# ###.#..
..##...####..##.#..########...#..


There were no monsters in sight!

Vanquished Creatures
  An adder (D:3)
  An ooze (D:3)
  5 worms
  2 dart slugs
  2 leopard geckos
  4 orcs
  4 giant cockroaches
  4 goblins
  2 hobgoblins
  5 bats
  3 frilled lizards
  7 kobolds
  4 rats
44 creatures vanquished.

Notes
Turn   | Place    | Note
-------+----------+-------------------------------------------
     0 | D:1      | Morbidden the Draconian Conjurer began the quest for the
                  | Orb.
     0 | D:1      | Reached XP level 1. HP: 14/14 MP: 3/3
   417 | D:1      | Reached XP level 2. HP: 20/20 MP: 3/5
   681 | D:1      | Learned a level 2 spell: Searing Ray
  1371 | D:2      | Reached XP level 3. HP: 26/26 MP: 4/6
  2120 | D:3      | Learned a level 3 spell: Iskenderun's Mystic Blast
  2146 | D:3      | Reached skill level 1 in Unarmed Combat
  2200 | D:3      | Reached skill level 1 in Fighting
  2256 | D:3      | Reached XP level 4. HP: 31/35 MP: 1/7
  2743 | D:2      | HP: 1/35 [something/puff of flame (8)]
  2744 | D:2      | Killed from afar by an orc wizard

Skill      XL: |  1  2  3  4 |
---------------+-------------+-----
Unarmed Combat | 1 |  1.2
Fighting       | 1 |  1.0
Dodging        | 2 |  2.1
Stealth        | |  2.0
Spellcasting   | |  2.3
Conjurations   | |  4.9

Action                   |  1- 3 |  4- 6 || total
-------------------------+-------+-------++-------
Melee: Unarmed           |   110 |    17 ||   127
       Tailslap          |    14 |     4 ||    18
 Cast: Magic Dart        |    67 |    15 ||    82
       Searing Ray       |     4 |     1 ||     5
       Iskenderun's Myst |     2 |       ||     2
  Use: Scroll            |     2 |       ||     2
       Potion            |       |     1 ||     1
  Eat: Chunk             |     9 |     1 ||    10
Armor: Skin              |    37 |     7 ||    44
Dodge: Dodged            |    65 |     3 ||    68
